 Dungeon Crawl Stone Soup version 0.27-a0-836-gfc908b8576 (webtiles) character file.

Game seed: 713758524924840204

138 polve the Ruffian (level 5, -8/45 HPs)
             Began as a Draconian Transmuter on Apr 1, 2021.
             Killed from afar by Ijyb (10 damage)
             ... with an iceblast
             ... on level 3 of the Dungeon.
             The game lasted 00:01:50 (2445 turns).

polve the Ruffian (Draconian Transmuter)            Turns: 2445, Time: 00:01:50

Health: -8/45      AC:  5    Str: 12    XL:     5   Next: 1%
Magic:  7/8        EV: 12    Int: 15    God:
Gold:   109        SH:  0    Dex: 11    Spells: 7/8 levels left

rFire    . . .     SeeInvis .     - Unarmed
rCold    . . .     Faith    .   (no shield)
rNeg     . . .     Spirit   .   (armour unavailable)
rPois    .         Reflect  .   (helmet restricted)
rElec    .         Harm     .   (no cloak)
rCorr    .         Rampage  .   (no gloves)
Will     .....                  (no boots)
Stlth    +.........             (no amulet)
HPRegen  0.15/turn              (no ring)
MPRegen  0.11/turn              (no ring)

@: no status effects
A: AC +5, unfitting armour, cold-blooded
a: no special abilities


You were on level 3 of the Dungeon.
You visited 1 branch of the dungeon, and saw 3 of its levels.

You collected 109 gold pieces.

Inventory:

Scrolls
 b - a scroll of identify {unknown}
 c - a scroll of enchant weapon {unknown}
Potions
 a - a potion of curing
 d - a potion of heal wounds


   Skills:
 + Level 3.4 Fighting
 - Level 1.7 Dodging
 + Level 4.2 Unarmed Combat
 - Level 2.0 Spellcasting
 * Level 2.9 Transmutations


You had 7 spell levels left.
You knew the following spells:

 Your Spells              Type           Power      Damage    Failure   Level
a - Beastly Appendage     Tmut           20%        N/A       7%          1

Your spell library contained the following spells:

 Spells                   Type           Power      Damage    Failure   Level
 Wereblood                Tmut           10%        N/A       10%         2
 Spider Form              Tmut/Pois      2%         N/A       36%         3
 Ice Form                 Ice/Tmut       5%         N/A       77%         4
 Hydra Form               Tmut           5%         N/A       88%         5


Dungeon Overview and Level Annotations

Branches:
Dungeon (3/15)

Altars:
Nemelex Xobeh
Sif Muna
Zin

Shops:
D:1 (

Annotations:
D:3 Ijyb


Innate Abilities, Weirdness & Mutations

Your plain brown scales are hard. (AC +5)
You cannot fit into any form of body armour.
You are cold-blooded and may be slowed by cold attacks.


Message History

Ijyb zaps a wand.
The mass of ice explodes!
The iceblast engulfs you!
The iceblast engulfs the orc!
The orc dies!
You hear a shout! x4; You hear an angry hiss.
An orc wizard comes into view. It is wielding a +0 dagger.
The orc wizard gestures at itself while chanting.
The orc wizard flickers and vanishes!
Deactivating autopickup; reactivate with Ctrl-A.
Your transformation is almost over.
The orc hits you with a +0 club.
You are too injured to fight recklessly!
You are too injured to fight recklessly!
Casting: Beastly Appendage (safe; 7% risk of failure)
Confirm with . or Enter, or press ? or * to list all spells.
You extend your transformation's duration.
Your transformation is almost over.
The orc hits you but does no damage.
You hit the orc.
The orc is lightly wounded.
The orc hits you but does no damage.
You hit the orc. You claw the orc, but do no damage. You headbutt the orc.
You kill the orc!
You hit the orc. You claw the orc.
You kill the orc!
You have reached level 5!
You barely miss the ball python.
Your tail-slap misses the ball python.
The ball python barely misses you. x2
You barely miss the ball python. Your kick misses the ball python.
Your headbutt misses the ball python. The ball python misses you.
The ball python closely misses you.
Okay, then.
The ball python bites you. The ball python completely misses you.
Your horns disappear.
Your talons disappear.
Ijyb zaps a wand.
The mass of ice explodes!
The iceblast engulfs the ball python!
The ball python dies!
The iceblast engulfs you!!
* * * LOW HITPOINT WARNING * * *
Ijyb zaps a wand.
The mass of ice explodes!
The iceblast engulfs you!
You die...

#..)...# .. #.##{# #.
#.##g# #. #.##.# #.
#.##S# #.# #.##o#
###.## #.##.#
#....####g##.#
#....@.....).# ##
#....####.#### .#
##.#.# #.# .# #.#.# #.#
.##### ####.#.####.#
.....#####.............
...............########
####.#####..##.#
..##.####...##.#


You could see Ijyb.

Vanquished Creatures
  Terence (D:3)
  An orc wizard (D:3)
  2 adders
  A worm (D:2)
  5 orcs (D:3)
  7 ball pythons
  8 endoplasms
  4 hobgoblins
  8 jackals
  3 quokkas
  4 bats
  A frilled lizard (D:1)
  6 kobolds
  4 rats
55 creatures vanquished.

Vanquished Creatures (others)
  An orc (D:3)
  A ball python (D:3)
2 creatures vanquished.

Grand Total: 57 creatures vanquished

Notes
Turn   | Place    | Note
-------+----------+-------------------------------------------
     0 | D:1      | polve the Draconian Transmuter began the quest for the Orb.
     0 | D:1      | Reached XP level 1. HP: 16/16 MP: 3/3
   178 | D:1      | Reached XP level 2. HP: 24/24 MP: 3/5
   228 | D:1      | Found Ubivur's Weapon Shoppe.
  1179 | D:2      | Reached XP level 3. HP: 27/30 MP: 4/6
  1582 | D:2      | Reached skill level 4 in Unarmed Combat
  1888 | D:3      | Noticed Terence
  1904 | D:3      | Killed Terence
  1905 | D:3      | Reached XP level 4. HP: 29/38 MP: 4/7
  2343 | D:3      | Found a shimmering blue altar of Sif Muna.
  2346 | D:3      | Found a sparkling altar of Nemelex Xobeh.
  2346 | D:3      | Found a glowing silver altar of Zin.
  2424 | D:3      | Noticed Ijyb
  2439 | D:3      | Reached XP level 5. HP: 24/45 MP: 6/8
  2444 | D:3      | HP: 2/45 [Ijyb/iceblast (20)]
  2445 | D:3      | Killed from afar by Ijyb

Illustrated notes

Levels and vault maps discovered:
D:1:      lightli_arrival_chessboard, layout_loops_ring, serial_shops,
          nicolae_shop_stone
D:2:      layout_basic
D:3:      layout_loops_ring, chequers_temple_overflow_statue_of_worship,
          serial_shops, nicolae_shop_waterfront, uniq_ijyb, uniq_terence,
          uniq_natasha

Skill      XL: |  1  2  3 |
---------------+----------+-----
Fighting       | 2 3 |  3.4
Unarmed Combat | 4 |  4.2
Dodging        | |  1.7
Spellcasting   | |  2.0
Transmutations | |  2.9

Action                   |  1- 3 |  4- 6 || total
-------------------------+-------+-------++-------
Melee: Unarmed           |   127 |    48 ||   175
       Kick              |    13 |     9 ||    22
       Headbutt          |    11 |     7 ||    18
       Tailslap          |     7 |     2 ||     9
 Cast: Beastly Appendage |    31 |     9 ||    40
  Use: Potion            |       |     2 ||     2
 Stab: Sleeping          |     1 |       ||     1
Armor: Skin              |    32 |    15 ||    47
Dodge: Dodged            |    71 |    30 ||   101

Table legend: (Time is in decaauts)
 A = Elapsed time spent in this place.
 B = Non-inter-level travel time spent in this place.
 C = Inter-level travel time spent in this place.
 D = Time resting spent in this place.
 E = Time spent auto-exploring this place.
 F = Levels seen in this place.
 G = Mean time per level.
                   A        B        C        D        E       F      G
               +--------+--------+--------+--------+--------+-----+--------+
         Total |   2432 |   2368 |     64 |      0 |   1998 |   3 |  810.7 |
       Dungeon |   2432 |   2368 |     64 |      0 |   1998 |   3 |  810.7 |
               +--------+--------+--------+--------+--------+-----+--------+

Top non-repeatable levels by time:
     D:1: 1069 daAuts
     D:2: 810 daAuts
     D:3: 552 daAuts
